AoeStats
← DUNCAN

Arabia

509150260Analyzed
1v1 RM · 6d ago on Sep 25, 2026· 27m 56s· 2 players
Game mode
Random Map
Map size
Tiny (2 player)
Population
200
Speed
Normal
Resources
Standard
Victory
Conquest
Starting age
Dark Age
Ending age
Imperial Age
RankedLock teamsTeams togetherTeam positionsShared explorationLock speedFull tech treeHidden civsTurbo modeCheats
Victory
Defeat
🇦🇷 Magyars · Argentina
829
+16
🇺🇸 Magyars · United States
826
-16
AceDunk81596
11:14 Feudal Age
13:12 Wheelbarrow
13:46 Loom
18:31 Castle Age
25:23 Fletching
DUNCAN
2:51 Loom
5:04 Loom
10:15 Feudal Age
10:54 Double-Bit Axe
16:16 Scale Barding Armor
16:23 Bloodlines
16:11 Horse Collar
22:42 Castle Age
22:46 Light Cavalry
24:26 Husbandry
25:05 Chain Barding Armor
26:11 Bow Saw
Connection lost

Rejoining the realm…

Still unreachable

The connection could not be restored.

Session expired

The server has moved on; the page needs a fresh start.